 Dungeon Crawl Stone Soup version 0.28-a0-909-g796cbd3a86 (webtiles) character file.

Game seed: 1527575876417230544

16 croobank the Sneak (level 2, 0/14 HPs)
             Began as a Felid Delver on Nov 25, 2021.
             Was an Initiate of Kikubaaqudgha.
             Slain by an orc (8 damage)
             ... on level 3 of the Dungeon.
             The game lasted 00:05:20 (859 turns).

croobank the Sneak (Felid Delver)                    Turns: 859, Time: 00:05:20

Health: 0/14       AC:  1    Str:  8    XL:     2   Next: 41%
Magic:  3/3        EV: 17    Int: 11    God:    Kikubaaqudgha [......]
Gold:   73         SH:  0    Dex: 17    Spells: 1/1 levels left
                                        Lives:  0   Deaths: 0

rFire   . . .      SeeInvis +     - Unarmed
rCold   . . .      Faith    .   (shield unavailable)
rNeg    . . .      Spirit   .   (armour unavailable)
rPois   .          Reflect  .   (helmet unavailable)
rElec   .          Harm     .   (cloak unavailable)
rCorr   .          Rampage  .   (gloves unavailable)
Will    .....                   (boots unavailable)
Stlth   ++++......              (no amulet)
HPRegen 0.04/turn               (no ring)
MPRegen 0.08/turn               (no ring)

@: quick
A: very small, claws 1, fangs 3, see invisible, speed 1, shaggy fur 1, stealthy
paws, no weapons or thrown items, no armour, multi-lived
a: Renounce Religion


You were on level 3 of the Dungeon.
You worshipped Kikubaaqudgha.
Kikubaaqudgha was noncommittal.
You visited 1 branch of the dungeon, and saw 3 of its levels.

You collected 73 gold pieces.

Inventory:

Missiles
 g - 4 stones
Wands
 e - a wand of digging (3)
Scrolls
 a - a scroll of fog
 b - a scroll of magic mapping
 c - a scroll of fear
 f - a scroll of acquirement {unknown}
 h - a scroll of identify {unknown}
Potions
 d - a potion of haste


   Skills:
 + Level 3.1 Fighting
 + Level 2.7 Dodging
 + Level 7.2 Stealth
 + Level 2.2 Unarmed Combat


You had one spell level left.
You didn't know any spells.
Your spell library was empty.

Dungeon Overview and Level Annotations

Branches:
Dungeon (5/15)
 Temple: D:4-7

Altars:
Kikubaaqudgha


Innate Abilities, Weirdness & Mutations

You have sharp claws.
You have razor-sharp teeth.
You have supernaturally acute eyesight. (SInv)
You cover ground quickly. (Speed+)
You are covered in fur. (AC +1)
Your paws help you pounce on unaware monsters.
You are incapable of wielding weapons or throwing items.
You cannot wear armour.
You gain extra lives every three experience levels.


Message History

An endoplasm comes into view.
Found 12 gold pieces.
You pounce on the unaware helpless endoplasm!
You mangle the endoplasm!!
You kill the endoplasm!
Kikubaaqudgha accepts your kill.
You now have 73 gold pieces (gained 12).
A quokka comes into view.
The helpless quokka fails to defend itself.
You mangle the quokka!!
You kill the quokka!
Kikubaaqudgha accepts your kill.
h - a scroll labelled WEINALISHO A goblin comes into view.
It is wielding a +0 club.
The goblin shouts!
The orc shouts!
The goblin misses you.
You scratch the goblin.
The goblin is severely wounded.
The goblin hits you with a +0 club.
You barely miss the goblin.
The goblin is severely wounded.
The goblin barely misses you.
You scratch the goblin.
You kill the goblin!
Kikubaaqudgha accepts your kill.
You scratch the orc.
The orc is heavily wounded.
The orc hits you with a +0 flail.
You scratch the orc but do no damage.
The orc is heavily wounded.
The orc misses you.
You scratch the orc.
The orc is severely wounded.
The orc completely misses you.
You closely miss the orc.
The orc is severely wounded.
The orc hits you with a +0 flail!
Ouch! That really hurt!
You die...
Kikubaaqudgha rasps: "You have failed me!
Welcome... death!"

#.>.# #...........#.....
#...# .#####.#.#.......
#####.###### #.#.###.....
...#...#...# #.#.# #.....
.>...8...>.# #.#.# ######
...#...#...# #.#.# #
#####.####### #.#.# #
.†.#$..#......########.#.#
#
.....⌠.........o@....#.#.#
#
...#...#......######.#.#.#
# #####.####### #.#.#.# #
...# #.#.#.# # .8..(
#.#.#.# # ...#.. #.#.#.#
.##### ########.#.#.#
#........#.#.#
#.########.#.##


You could see an orc.

Vanquished Creatures
  4 endoplasms
  A giant cockroach (D:3)
  A goblin (D:3)
  A jackal (D:3)
  2 kobolds
  2 quokkas (D:3)
  A bat (D:3)
  A rat (D:3)
13 creatures vanquished.

Notes
Turn   | Place    | Note
-------+----------+-------------------------------------------
     0 | D:5      | croobank the Felid Delver began the quest for the Orb.
     0 | D:5      | Reached XP level 1. HP: 10/10 MP: 2/2
   203 | D:3      | Noticed a scorpion
   218 | D:3      | Reached skill level 7 in Stealth
   325 | D:3      | Reached XP level 2. HP: 4/14 MP: 3/3
   588 | D:3      | Found an ancient bone altar of Kikubaaqudgha.
   594 | D:3      | Became a worshipper of Kikubaaqudgha
   859 | D:3      | Slain by an orc

Illustrated notes

Levels and vault maps discovered:
D:3:      layout_loops_ring, lemuel_round_altar, nicolae_elevator_lobby_plus
D:4:      layout_loops_cross, minivault_4, uniq_natasha, uniq_eustachio
D:5:      layout_rooms, zin_treasury, grunt_temple_overflow_open,
          minmay_crystal_water, serial_bayou_lagoon_a

Skill      XL: |  1 |
---------------+----+-----
Stealth        | 7 |  7.2
Fighting       | |  3.1
Dodging        | |  2.7
Unarmed Combat | |  2.2

Action                   || total
-------------------------++-------
Melee: Unarmed           ||    35
       Bite              ||     1
 Stab: Sleeping          ||     8
Armor: Skin              ||     1
Dodge: Dodged            ||    19

Table legend: (Time is in decaauts)
 A = Elapsed time spent in this place.
 B = Non-inter-level travel time spent in this place.
 C = Inter-level travel time spent in this place.
 D = Time resting spent in this place.
 E = Time spent auto-exploring this place.
 F = Levels seen in this place.
 G = Mean time per level.
                   A        B        C        D        E       F      G
               +--------+--------+--------+--------+--------+-----+--------+
         Total |    760 |    752 |      8 |    201 |    342 |   3 |  253.3 |
       Dungeon |    760 |    752 |      8 |    201 |    342 |   3 |  253.3 |
               +--------+--------+--------+--------+--------+-----+--------+

Top non-repeatable levels by time:
     D:3: 693 daAuts
     D:4: 42 daAuts
     D:5: 24 daAuts
